 Dungeon Sprint DCSS version 0.23.0 (webtiles) character file.

Game seed: 1696005163411240173

37944 YuikonoTournament the Warrior (level 13, -17/141 HPs)
             Began as a Hill Orc Fighter on Feb 11, 2019.
             Was the Champion of Makhleb.
             Killed by the air
             ... invoked by a blizzard demon
              (20 damage)
             ... in the Dungeon (Sprint V: "Ziggurat Sprint").
             The game lasted 00:18:50 (1293 turns).

YuikonoTournament the Warrior (Hill Orc Fighter)    Turns: 1293, Time: 00:18:50

Health: -17/141    AC: 37    Str: 35    XL:     13   Next: 99%
Magic:  0/23       EV:  9    Int:  8    God:    Makhleb [******]
Gold:   0          SH: 35    Dex: 13    Spells: 12/12 levels left

rFire    . . .     SeeInvis +   J - +14 obsidian axe {chop, +Fly SInv *Curse} (curse)
rCold    . . .     Gourm    .   L - +18 shield of the Gong {rElec rN+ MR+ EV-5}
rNeg     + + .     Faith    .   K - +15 Maxwell's patent armour {-Cast -Tele rElec MR+ rCorr}
rPois    .         Spirit   .   (no helmet)
rElec    +         Reflect  .   (no cloak)
rCorr    +         Harm     .   W - +2 pair of gloves {Dex+3}
MR       ++...     NoTele   +   (no boots) Stlth ..........NoCast +
                                S - amulet of the Air {Inacc +Fly rElec EV+5 RMsl}
HPRegen  0.33/turn              B - +6 ring of strength
MPRegen  0.18/turn              a - ring "Nuidess" {rN+ Str+5}

@: lethally poisoned (-17 -> -44), weakened, mesmerised, studying 3 skills,
lightly drained, repel missiles
A: no striking features
a: Minor Destruction, Lesser Servant of Makhleb, Major Destruction, Greater
Servant of Makhleb, Renounce Religion, Evoke Flight


You were in the Dungeon.
You worshipped Makhleb.
Makhleb was exalted by your worship.
You were not hungry.

You visited 1 branch

Inventory:

Hand Weapons
 G - a +5 executioner's axe
 J - the cursed +14 obsidian axe (weapon) {chop, +Fly SInv *Curse}
   (You found it in the Dungeon)

   It inflicts extra damage upon your enemies.
   It lets you see invisible.
   It lets you fly.
   It curses itself when equipped.
   It has a curse placed upon it.
Armour
 K - the +15 Maxwell's patent armour (worn) {-Cast -Tele rElec MR+ rCorr}
   (You found it in the Dungeon)

   It insulates you from electricity.
   It affects your resistance to hostile enchantments.
   It prevents spellcasting.
   It prevents most forms of teleportation.
   It provides partial protection from all sources of acid and corrosion.
 L - the +18 shield of the Gong (worn) {rElec rN+ MR+ EV-5}
   (You found it in the Dungeon)

   It affects your evasion (-5).
   It insulates you from electricity.
   It protects you from negative energy.
   It affects your resistance to hostile enchantments.
 W - a +2 pair of gloves of dexterity (worn)
Jewellery
 a - the ring "Nuidess" (right hand) {rN+ Str+5}
   (You found it in the Dungeon)

   [ring of strength]

   It affects your strength (+5).
   It protects you from negative energy.
 b - an uncursed ring of protection from fire
 c - a +2 ring of evasion
 A - a +6 ring of strength
 B - a +6 ring of strength (left hand)
 R - an uncursed ring of positive energy
 S - the amulet of the Air (around neck) {Inacc +Fly rElec EV+5 RMsl}
   (You found it in the Dungeon)

   [amulet of inaccuracy]

   It reduces the accuracy of all your attacks.
   It affects your evasion (+5).
   It insulates you from electricity.
   It lets you fly.
   It protects you from missiles.
 U - an uncursed ring of protection from cold
 Y - an uncursed ring of stealth
Wands
 C - a wand of disintegration (7)
 D - a wand of iceblast (7)
 E - a wand of acid (7)
Scrolls
 k - 4 scrolls of blinking
 q - 4 scrolls of amnesia
 r - 7 scrolls of fog
 s - a scroll of holy word
 t - 5 scrolls of identify
 u - 5 scrolls of remove curse
 v - 2 scrolls of fear
 M - 4 scrolls of enchant armour
 P - a scroll of brand weapon
Potions
 d - 6 potions of might
 e - 10 potions of curing
 g - 14 potions of heal wounds
 h - 6 potions of haste
 i - 7 potions of magic
 j - 3 potions of berserk rage
 l - 2 potions of brilliance
 m - 2 potions of invisibility
 n - 4 potions of resistance
 o - a potion of experience
 p - 7 potions of agility
Books
 T - a manual of Throwing
 X - a manual of Long Blades
 Z - a manual of Invocations
Miscellaneous
 I - a lightning rod (4/4)
 N - a lamp of fire
 O - 2 phantom mirrors
 V - a phial of floods
Comestibles
 f - 6 rations


   Skills:
 + Level 20.9(20.7) Fighting
 - Level 20.6(20.5) Axes
 + Level 19.5(19.3) Armour
 + Level 19.5(19.3) Shields
 + Level 14.3(14.2) Invocations


You had 12 spell levels left.
You didn't know any spells.
Your spell library contained the following spells:

 Spells                   Type           Power        Failure   Level  Hunger
 Corona                   Hex            #......      83%         1    ##.....
 Flame Tongue             Conj/Fire      #....        83%         1    ##.....
 Sting                    Conj/Pois      #...         83%         1    ##.....
 Poisonous Vapours        Pois/Air       #.....       92%         2    ###....
 Shroud of Golubria       Chrm/Tloc      #.........   92%         2    ###....
 Slow                     Hex            #.......     92%         2    ###....
 Inner Flame              Hex/Fire       #.......     99%         3    ####...
 Mephitic Cloud           Conj/Pois/Air  #.......     99%         3    ####...
 Portal Projectile        Hex/Tloc       #.....       99%         3    ####...
 Spectral Weapon          Hex/Chrm       #.......     99%         3    ####...
 Stone Arrow              Conj/Erth      #.....       99%         3    ####...
 Cause Fear               Hex            #.........   100%        4    #####..
 Leda's Liquefaction      Hex/Erth       #.........   100%        4    #####..
 Olgreb's Toxic Radiance  Pois           #.......     100%        4    #####..
 Sticky Flame             Conj/Fire      #.......     100%        4    #####..
 Venom Bolt               Conj/Pois      #.........   100%        5    ######.


Dungeon Overview and Level Annotations

Branches:
Dungeon (1/1)

Altars:
Ashenzari
Cheibriados
Dithmenos
Elyvilon
Fedhas
Gozag
Hepliaklqana
Kikubaaqudgha
Makhleb
Nemelex Xobeh
Okawaru
Qazlal
Ru
Sif Muna
Trog
Uskayaw
Vehumet
Wu Jian
Xom
Yredelemnul
Zin
The Shining One
Beogh
Jiyva
Lugonu


Message History

Visions of slaying Ackuffix flood into your mind.
You feel sick.
The hellwing hits you but does no damage.
You block the hellwing's attack.
BOUMMMMG!
You block the red devil's attack.
GONNNNG!
Your ice devil completely misses the blizzard demon.
You block the reaper's attack.
SHROANNG!
The infernal black sun hits you from afar with a +1 demon trident of draining!
* * * LOW HITPOINT WARNING * * *
You are engulfed in flames!!
* * * LOW HITPOINT WARNING * * *
You partially resist.
You feel drained.
* * * LOW HITPOINT WARNING * * *
The soul eater closely misses you.
The blizzard demon waves its arms in wide circles.
The air twists around and strikes you!
You die...

8_8_8_8▓ ▓.....8©8
......_▓
..[[)|}=)[??|..▓..).}.)|
..))..8▓
..==:)=:[==:=..▓...))...
......_▓
...............▓........
......8▓
...............▓........
......_▓
.....l44&......▓.......)
......8▓
....443&26.....▓......|)
..|..._▓
....243&.......▓.....†))
......8▓
......&@2......▓.....)|)
......_▓
......44.......▓..▓.....
......8▓
...▓..4.3..▓...▓......!.
......_▓ . ▓▓.....▓▓
.▓........ 8_8_8_8▓
...▓.......▓...▓......©.
▓▓▓▓▓▓▓▓
...............▓▓▓▓▓▓▓▓▓
.......©.......▓.....8©8
▓▓▓▓▓▓▓▓▓▓▓▓▓▓▓▓..}))[))
▓..)[.=))


You could see Ackuffix, Haosusmuch, Tielien, Vevocla, a reaper, an infernal
black sun, 2 blizzard demons, a soul eater, a sun demon, 2 hellwings, an ice
devil, a chaos spawn, 2 red devils, a leopard gecko, a friendly ice devil, a
friendly neqoxec and a friendly chaos spawn.

Vanquished Creatures
  A lich (D)
  A nagaraja (D)
  A ghoul (D)
  2 merfolk javelineers (D)
  A blizzard demon (D)
  A merfolk impaler (D)
  A naga warrior (D)
  9 vault guards (D)
  A merfolk aquamancer (D)
  An anaconda (D)
  3 sixfirhies (D)
  A sea snake (D)
  A glowing orange brain (D)
  A deep elf mage (D)
  3 necromancers (D)
  2 orc knights (D)
  A mana viper (shapeshifter) (D)
  An orc sorcerer (D)
  A manticore (D)
  A cyclops (D)
  An ugly thing (D)
  A water nymph (D)
  A water nymph (shapeshifter) (D)
  2 guardian serpents (D)
  2 naga magi (D)
  A black mamba (D)
  A spiny frog (shapeshifter) (D)
  An eye of devastation (D)
  A spiny frog (D)
  3 freezing wraiths (D)
  A tormentor (D)
  An ice devil (D)
  A komodo dragon (shapeshifter) (D)
  A troll (D)
  A hellwing (D)
  A polar bear (D)
  2 merfolk (D)
  7 slime creatures (D)
  A blink frog (D)
  A hippogriff (shapeshifter) (D)
  A shadow (D)
  A vampire (D)
  A tarantella (D)
  A spriggan (D)
  A redback (shapeshifter) (D)
  A spriggan (shapeshifter) (D)
  A basilisk (D)
  A golden eye (D)
  A neqoxec (D)
  2 insubstantial wisps (D)
  3 nagas (D)
  5 water moccasins (D)
  A floating eye (shapeshifter) (D)
  A floating eye (D)
  8 orc warriors (D)
  A porcupine (shapeshifter) (D)
  An eye of draining (D)
  2 necrophages (D)
  A wolf (D)
  An ogre (D)
  A big kobold (shapeshifter) (D)
  4 scorpions (D)
  A scorpion (shapeshifter) (D)
  4 wights (D)
  3 jellies (D)
  A quasit (D)
  2 orc priests (D)
  3 orc wizards (D)
  3 adders (D)
  A shadow imp (D)
  An ufetubus (D)
  2 oozes (D)
  2 adder zombies (D)
  2 ball pythons (D)
  4 bat zombies (D)
  A jackal (D)
  A leopard gecko simulacrum (D)
136 creatures vanquished.

Vanquished Creatures (collateral kills)
  An acid blob (D)
  A dancing weapon (D)
  A queen ant (shapeshifter) (D)
  A deep elf knight (D)
  2 necromancers (D)
  2 ugly things (D)
  A merfolk siren (D)
  A slime creature (D)
  A tarantella (D)
  2 vampires (D)
  An air elemental (D)
  A golden eye (D)
  A basilisk (D)
  An insubstantial wisp (D)
  A hell hound (D)
  2 orc warriors (D)
  A bullfrog (D)
  2 orc priests (D)
  2 orc wizards (D)
  A shadow imp (D)
  A white imp (D)
  An adder zombie (D)
  2 orcs (D)
  A bat zombie (D)
  A bat simulacrum (D)
  A giant cockroach zombie (D)
  A jackal zombie (D)
34 creatures vanquished.

Vanquished Creatures (others)
  A soul eater (D)
  A water nymph (D)
  A leopard gecko zombie (D)
3 creatures vanquished.

Grand Total: 173 creatures vanquished

Notes
Turn   | Place    | Note
-------+----------+-------------------------------------------
     0 | D        | Found the +6 Majin-Bo {vamp, Archmagi MP+6 Int+6}
     0 | D        | Found the +7 great mace "Firestarter" {inner flame, rF++}
     0 | D        | YuikonoTournament the Hill Orc Fighter began the quest for
                  | the Orb.
     0 | D        | Reached XP level 1. HP: 19/19 MP: 1/1
     0 | D        | Found a blossoming altar of Fedhas.
     1 | D        | Found a deep blue altar of Sif Muna.
     1 | D        | Found a sacrificial altar of Ru.
     1 | D        | Found a bloodstained altar of Trog.
     1 | D        | Found a stormy altar of Qazlal.
     1 | D        | Found an iron altar of Okawaru.
     1 | D        | Found a sparkling altar of Nemelex Xobeh.
     3 | D        | Found a transporter.
     3 | D        | Found an ancient bone altar of Kikubaaqudgha.
     3 | D        | Found a viscous altar of Jiyva.
     3 | D        | Found a corrupted altar of Lugonu.
     3 | D        | Found a hazy altar of Hepliaklqana.
     3 | D        | Found a burning altar of Makhleb.
     3 | D        | Found an opulent altar of Gozag.
    64 | D        | Found the +9 heavy crossbow "Sniper" {velocity, Acc+∞ SInv}
    64 | D        | Found the +10 dark maul {crush}
    64 | D        | Found the +15 Maxwell's patent armour {-Cast -Tele rElec
                  | MR+ rCorr}
    64 | D        | Found the +18 shield of the Gong {rElec rN+ MR+ EV-5}
    64 | D        | Found the cursed +14 obsidian axe {chop, +Fly SInv *Curse}
    66 | D        | Found the +6 shillelagh "Devastator" {shatter}
    66 | D        | Found the +11 plutonium sword {*Contam Stlth-}
    66 | D        | Found the +8 lance "Wyrmbane" {slay drac, rPois rF+ rC+
                  | AC+3}
    66 | D        | Found the +9 sword of Zonguldrok {reap}
    66 | D        | Found the cursed +13 scythe of Curses {drain, *Curse}
    66 | D        | Found the +0 sword of Power
    66 | D        | Found the +7 mace of Variability {chain chaos}
    66 | D        | Found the +7 Singing Sword {slice, sonic wave}
    66 | D        | Found the +7 longbow "Piercer" {penet, EV-2}
   109 | D        | Became a worshipper of Makhleb the Destroyer
   116 | D        | Entered arena 2.
   116 | D        | Noticed a wolf
   116 | D        | Noticed a spriggan
   116 | D        | Found a transporter.
   118 | D        | Killed a wolf
   118 | D        | Reached skill level 5 in Armour
   118 | D        | Reached skill level 5 in Shields
   118 | D        | Reached XP level 2. HP: 30/30 MP: 2/2
   118 | D        | Reached XP level 3. HP: 37/37 MP: 3/3
   118 | D        | Reached XP level 4. HP: 44/44 MP: 4/4
   119 | D        | Killed a spriggan
   119 | D        | Reached XP level 5. HP: 52/52 MP: 5/5
   126 | D        | Entered arena 3.
   126 | D        | Noticed a deep elf mage
   126 | D        | Noticed a +4 long sword of flaming
   126 | D        | Noticed a deep elf knight
   126 | D        | Found a transporter.
   127 | D        | Identified the cursed +1 falchion "Henlopem" {freeze, rC+
                  | MP+9 Stlth+}
   128 | D        | Killed a +4 long sword of flaming
   128 | D        | Reached * piety under Makhleb
   128 | D        | Reached skill level 10 in Axes
   128 | D        | Reached XP level 6. HP: 66/66 MP: 6/6
   128 | D        | Reached XP level 7. HP: 71/71 MP: 7/7
   132 | D        | Killed a deep elf knight
   132 | D        | Reached skill level 10 in Armour
   132 | D        | Reached skill level 10 in Shields
   132 | D        | Reached XP level 8. HP: 80/82 MP: 8/8
   133 | D        | Killed a deep elf mage
   142 | D        | Entered arena 4.
   142 | D        | Noticed an air elemental
   142 | D        | Found a transporter.
   145 | D        | Reached ** piety under Makhleb
   146 | D        | Killed an air elemental
   147 | D        | Reached *** piety under Makhleb
   252 | D        | Entered arena 5.
   252 | D        | Noticed a polar bear
   252 | D        | Found a transporter.
   258 | D        | Killed a polar bear
   258 | D        | Reached **** piety under Makhleb
   258 | D        | Reached XP level 9. HP: 90/90 MP: 9/9
   262 | D        | Got the Guide on Protection
   269 | D        | Entered arena 6.
   269 | D        | Noticed a red ugly thing
   269 | D        | Noticed a brown ugly thing
   269 | D        | Found a transporter.
   275 | D        | Killed a red ugly thing
   280 | D        | Killed a white ugly thing
   325 | D        | Got Sif Muna's Incunabulum of the Rocks and the Blaze
   330 | D        | Entered arena 7.
   331 | D        | Found a transporter.
   335 | D        | Reached ***** piety under Makhleb
   352 | D        | Entered arena 8.
   353 | D        | Found a transporter.
   359 | D        | Reached XP level 10. HP: 101/101 MP: 10/10
   361 | D        | Reached ****** piety under Makhleb
   379 | D        | Entered arena 9.
   379 | D        | Noticed a spiny frog
   380 | D        | Found the amulet of the Air {Inacc +Fly rElec EV+5 RMsl}
   380 | D        | Found a transporter.
   385 | D        | Killed a spiny frog
   385 | D        | Reached skill level 15 in Axes
   401 | D        | Entered arena 10.
   402 | D        | Identified the +4 hunting sling of Destiny {velocity, rC+
                  | MR+}
   402 | D        | Found a transporter.
   421 | D        | Entered arena 11.
   422 | D        | Found a transporter.
   447 | D        | Entered arena 12.
   447 | D        | Noticed a vault guard
   447 | D        | Noticed a vault guard
   447 | D        | Noticed a lich
   447 | D        | Noticed a vault guard
   447 | D        | Noticed a vault guard
   447 | D        | Noticed a vault guard
   448 | D        | Identified the +9 whip "Coovy" {speed, MR++ Str-3 Int+2
                  | Dex-2}
   448 | D        | Identified the +6 scythe of Modesty {slice, rPois Dex+2}
   448 | D        | Noticed a vault guard
   448 | D        | Noticed a vault guard
   448 | D        | Noticed a vault guard
   449 | D        | Noticed a vault guard
   456 | D        | Noticed a Hell Sentinel
   457 | D        | Killed a vault guard
   459 | D        | Killed a vault guard
   459 | D        | Reached skill level 15 in Fighting
   460 | D        | Killed a lich
   460 | D        | Reached XP level 11. HP: 114/114 MP: 11/11
   463 | D        | Killed a vault guard
   465 | D        | Killed a vault guard
   465 | D        | Reached skill level 15 in Armour
   465 | D        | Reached skill level 15 in Shields
   465 | D        | Killed a vault guard
   467 | D        | Killed a vault guard
   469 | D        | Killed a vault guard
   471 | D        | Found a transporter.
   475 | D        | Killed a vault guard
   478 | D        | Killed a vault guard
   493 | D        | Entered arena 13.
   493 | D        | Noticed a deep troll
   493 | D        | Noticed a four-headed hydra
   493 | D        | Noticed a swamp dragon
   493 | D        | Noticed a ghost moth
   493 | D        | a four-headed hydra changed into a ghost moth
   493 | D        | Noticed a purple ugly thing
   494 | D        | Noticed a deep troll
   494 | D        | Noticed a lindwurm
   494 | D        | a deep troll changed into an eye of devastation
   494 | D        | a lindwurm changed into a jumping spider
   495 | D        | Found a transporter.
   495 | D        | Noticed a cyclops
   495 | D        | a deep troll changed into a cyclops
   495 | D        | a swamp dragon changed into a water nymph
   496 | D        | Noticed a death drake
   496 | D        | a wind drake changed into a death drake
   496 | D        | a cyclops changed into a guardian serpent
   496 | D        | Noticed a fire dragon
   496 | D        | a ghost moth changed into a fire dragon
   499 | D        | Killed a purple ugly thing
   499 | D        | Reached XP level 12. HP: 125/125 MP: 6/12
   506 | D        | Noticed a queen ant
   506 | D        | a fire dragon changed into a queen ant
   511 | D        | Killed a queen ant
   532 | D        | Entered arena 14.
   533 | D        | Noticed a merfolk javelineer
   533 | D        | Noticed a merfolk impaler
   533 | D        | Noticed a merfolk javelineer
   534 | D        | Noticed a merfolk aquamancer
   534 | D        | Identified the +3 scythe of Equivalence {elec, Fragile
                  | +Blink Stlth+}
   542 | D        | Found a transporter.
   551 | D        | Killed a merfolk javelineer
   558 | D        | Killed a merfolk aquamancer
   564 | D        | Killed a merfolk javelineer
   568 | D        | Killed a merfolk impaler
   577 | D        | Entered arena 15.
   579 | D        | Noticed a blizzard demon
   581 | D        | Found a transporter.
   594 | D        | Killed a blizzard demon
   731 | D        | Entered arena 16.
   732 | D        | Noticed an acid blob
   733 | D        | Found the +3 salamander hide armour {+Rage rF++}
   734 | D        | Found a transporter.
   738 | D        | Gained mutation: You are weak. (Str -2) [a neqoxec]
   740 | D        | Reached XP level 13. HP: 136/136 MP: 13/13
   742 | D        | Lost mutation: You are weak. (Str -2) [a neqoxec]
   742 | D        | Killed an acid blob
   759 | D        | Entered arena 17.
   764 | D        | Reached skill level 1 in Invocations
   767 | D        | Noticed a ghoul
   773 | D        | Reached skill level 5 in Invocations
   774 | D        | Found a transporter.
   782 | D        | Killed a ghoul
   809 | D        | Entered arena 18.
   813 | D        | Identified the cursed +1 lajatang of Uburraumn {vamp, Str+4
                  | Stlth+}
   813 | D        | Identified the +5 falchion of the Original Sin {slice,
                  | *Drain rC++ rN+++ Int-4}
   813 | D        | Identified the +6 demon whip of Animal Spirits {vamp,
                  | Str+6}
   813 | D        | Identified the +10 mace "Ucioveeck" {venom, Dex+2}
   814 | D        | Found a transporter.
   828 | D        | Reached skill level 10 in Invocations
   855 | D        | Got the ring "Nuidess" {rN+ Str+5}
   923 | D        | Entered arena 19.
   929 | D        | Noticed a nagaraja
   930 | D        | Identified the +6 battleaxe of the Crypt {vamp, rF+ Int+4}
   931 | D        | Found a transporter.
   940 | D        | Killed a nagaraja
  1275 | D        | Entered arena 20.
  1280 | D        | Noticed Haosusmuch the pandemonium lord
  1280 | D        | Noticed Tielien the pandemonium lord
  1280 | D        | Noticed Ackuffix the pandemonium lord
  1280 | D        | Noticed a blizzard demon
  1280 | D        | Noticed an infernal black sun
  1280 | D        | Noticed a blizzard demon
  1281 | D        | Noticed a reaper
  1281 | D        | Noticed Vevocla the pandemonium lord
  1293 | D        | HP: 4/141 [infernal black sun/+1 demon trident of draining
                  | (22)]
  1293 | D        | Killed from afar by a blizzard demon

Skill      XL: |  1  2  3  4  5  6  7  8  9 10 11 12 13 |
---------------+----------------------------------------+-----
Fighting       | 6 7 9 11 12 13 15 17 18 20 | 20.9
Axes           | 6 7 10 11 12 14 16 18 20 | 20.6
Armour         | 5 6 9 10 11 12 14 15 17 19 | 19.5
Shields        | 5 6 9 10 11 12 14 15 17 19 | 19.5
Invocations    | 14 | 14.3

Action                   |  1- 3 |  4- 6 |  7- 9 | 10-12 | 13-15 || total
-------------------------+-------+-------+-------+-------+-------++-------
Melee: Broad axe         |     2 |     2 |    31 |   112 |    76 ||   223
Invok: Major Destruction |       |       |       |       |     4 ||     4
 Stab: Distracted        |       |       |       |     2 |       ||     2
  Eat: Ration            |       |       |       |       |     1 ||     1
Armor: Plate armour      |       |       |     8 |    50 |    48 ||   106
Dodge: Dodged            |       |       |     1 |    15 |    20 ||    36
       Deflected         |       |       |       |     3 |     2 ||     5
Block: Shield            |     2 |     3 |    43 |   182 |   161 ||   391
